 Dungeon Crawl Stone Soup version 0.28-a0-1395-g4f6bc678fa (webtiles) character file.

Game seed: 2276315762935452702

2072 gimp the Bolt Thrower (level 9, -4/65 HPs)
             Began as a Djinni Wanderer on Jan 4, 2022.
             Was an Initiate of Cheibriados.
             Shot with a sling bullet by Joseph (16 damage)
             ... on level 7 of the Dungeon.
             The game lasted 00:11:55 (8790 turns).

gimp the Bolt Thrower (Djinni Wanderer)             Turns: 8790, Time: 00:11:56

Health: -4/65      AC:  5    Str: 12    XL:     9   Next: 50%
Gold:   271        EV: 11    Int: 18    God:    Cheibriados [......] SH:  5 Dex: 19

rFire   + . .      SeeInvis .   b - +4 short sword (venom)
rCold   . . .      Faith    .   K - +0 buckler
rNeg    . . .      Spirit   .   B - +1 leather armour of the Maze {Contam rPois Will+++ Dex+4}
rPois   ∞          Reflect  .   c - +0 helmet
rElec   .          Harm     .   (no cloak)
rCorr   .          Rampage  .   (no gloves)
Will    +++..                   (boots unavailable)
Stlth   +.........              (no amulet)
HPRegen 0.20/turn               r - ring of ice
MPRegen 0.00/turn               j - +4 ring of slaying

@: flying, very slow
A: sickness immunity, fire resistance 2, cold vulnerability 1, float, innate
caster, hp casting, extra vitality 1
a: Renounce Religion


You were on level 7 of the Dungeon.
You worshipped Cheibriados.
Cheibriados was noncommittal.
You visited 2 branches of the dungeon, and saw 8 of its levels.

You collected 453 gold pieces.
You spent 182 gold pieces at shops.

Inventory:

Hand Weapons
 a - a +0 hand crossbow of freezing
 b - a +4 short sword of venom (weapon)
 w - a +0 whip
 A - a +0 vorpal hand crossbow
Missiles
 e - 62 bolts
 m - 30 poisoned darts (quivered)
 D - 2 curare-tipped darts
Armour
 c - a +0 helmet (worn)
 B - the +1 leather armour of the Maze (worn) {Contam rPois Will+++ Dex+4}
   (You found it on level 5 of the Dungeon)

   Dex:       It affects your dexterity (+4).
   rPois:     It protects you from poison.
   Contam:    It causes magical contamination when unequipped.
   Will:      It greatly increases your willpower.
 K - a +0 buckler (worn)
Magical Staves
 h - a staff of air
Jewellery
 j - a +4 ring of slaying (right hand)
 r - a ring of ice (left hand)
Wands
 z - a wand of acid (4)
 G - a wand of flame (16)
Scrolls
 d - a scroll of identify
 l - a scroll of blinking {unknown}
 n - 2 scrolls of magic mapping {unknown}
 o - 2 scrolls of noise {unknown}
 q - 3 scrolls of teleportation {unknown}
 t - 2 scrolls of fog {unknown}
 v - 2 scrolls of immolation {unknown}
 y - a scroll of vulnerability {unknown}
 C - a scroll of brand weapon {unknown}
 H - a scroll of silence
 J - a scroll of holy word {unknown}
Potions
 f - a potion of resistance
 g - 2 potions of cancellation
 p - a potion of curing
 s - a potion of haste
 F - 2 potions of might
 L - 2 potions of mutation


   Skills:
 - Level 5.0 Fighting
 + Level 7.7 Crossbows
 - Level 1.0 Armour
 - Level 1.1 Dodging
 * Level 2.8 Shields
 - Level 5.0 Spellcasting
 - Level 1.0 Evocations


You had 4 spell levels left.
You knew the following spells:

 Your Spells              Type           Power      Damage    Failure   Level
a - Sting                 Tmut/Pois      88%        1d7       2%          1
b - Ignite Poison         Fire/Tmut/Pois 22%        N/A       8%          3
c - Beastly Appendage     Tmut           44%        N/A       2%          1
d - Corpse Rot            Necr/Air       44%        N/A       3%          2
e - Gell's Gravitas       Tloc           22%        N/A       8%          3
f - Airstrike             Air            11%        N/A       26%         4

Your spell library contained the following spells:

 Spells                   Type           Power      Damage    Failure   Level


Dungeon Overview and Level Annotations

Branches:
Dungeon (7/15)             Temple (1/1) D:7

Altars:
Ashenzari
Cheibriados
Dithmenos
Elyvilon
Fedhas
Gozag
Makhleb
Qazlal
Ru
Uskayaw
Vehumet
Wu Jian
Xom
Yredelemnul
Zin
The Shining One
Lugonu

Shops:
D:5 (   D:7 =

Annotations:
D:2 Sigmund
D:7 Joseph


Innate Abilities, Weirdness & Mutations

You are immune to sickness and miasma.
You are immune to poison.
Your flesh is very heat resistant. (rF++)
You are vulnerable to cold. (rC-)
You float through the air rather than walking.
You learn spells naturally, not from books.
Your magical power is your life essence.
You have superior vitality. (+4 MHP)


Message History

Aiming: Throw Flame
Press: ? - help, Shift-Dir - straight line, f/p - Joseph
Aim: Joseph, wielding a +0 hunting sling, wearing a +1 ring mail of cold resistance and quivering sling bullets (moderately wounded, very poisoned, slow, covered in acid, 72% to hit)
The puff of flame misses Joseph.
Aiming: Throw Flame
Press: ? - help, Shift-Dir - straight line, f/p - Joseph
Aim: Joseph, wielding a +0 hunting sling, wearing a +1 ring mail of cold resistance and quivering sling bullets (moderately wounded, very poisoned, slow, covered in acid, 72% to hit)
The puff of flame hits Joseph.
Joseph is heavily wounded.
Joseph shoots a sling bullet.
You block the sling bullet.
Aiming: Throw Flame
Press: ? - help, Shift-Dir - straight line, f/p - Joseph
Aim: Joseph, wielding a +0 hunting sling, wearing a +1 ring mail of cold resistance and quivering sling bullets (heavily wounded, very poisoned, slow, covered in acid, 72% to hit)
The puff of flame hits Joseph!
Joseph is heavily wounded.
Joseph shoots a sling bullet.
The sling bullet hits you!!
You take 21 damage, and have 28/65 hp.
MASSIVE DAMAGE!!
Joseph shoots a sling bullet.
The sling bullet hits you!
* * * LOW HITPOINT WARNING * * *
You take 16 damage, and have 12/65 hp.
MASSIVE DAMAGE!!
Aiming: Corrosive Bolt
Press: ? - help, Shift-Dir - straight line, f/p - Joseph
Aim: Joseph, wielding a +0 hunting sling, wearing a +1 ring mail of cold resistance and quivering sling bullets (severely wounded, very poisoned, slow, covered in acid, 75% to hit)
The bolt of acid hits Joseph!
Joseph is almost dead.
Casting: Sting (safe; 2% risk of failure)
Confirm with . or Enter, or press ? or * to list all spells.
You can't see any susceptible monsters within range! (Use Z to cast anyway.)
Aiming: Throw Flame
Press: ? - help, Shift-Dir - straight line, f/p - Joseph
Aim: Joseph, wielding a +0 hunting sling, wearing a +1 ring mail of cold resistance and quivering sling bullets (almost dead, very poisoned, slow, covered in acid, 72% to hit)
The puff of flame hits Joseph.
Joseph is almost dead.
Joseph shoots a sling bullet.
You block the sling bullet.
Aiming: Throw Flame
Press: ? - help, Shift-Dir - straight line, f/p - Joseph
Aim: Joseph, wielding a +0 hunting sling, wearing a +1 ring mail of cold resistance and quivering sling bullets (almost dead, very poisoned, slow, covered in acid, 72% to hit)
The puff of flame misses Joseph.
Joseph shoots a sling bullet.
The sling bullet hits you!
You die...

#8...8###
#.........[.......
####....#
#...###<####.##.##.
##....# #...###.#
#.##.. # ##..#..##
#....##.# .. ....
###...#...## #.##.##.#
#.# .#.#. ##...###...##
#.##.##.# .. # ...
#...........###......##
...#.....#...........#
.###..>..###...(@...##
...#.....#...####....#
............# ..#@#
.....###...## ..#..#
#.....#...## ..# ..#
####..#...# .#? @ ##..
#.# .... ## .# ....


You could see Joseph (very poisoned, slow, corroded).

Vanquished Creatures
  A wyvern (D:6)
  Duvessa (D:6)
  A water moccasin (D:7)
  An orc warrior (D:6)
  A black bear (D:5)
  A sky beast (D:7)
  2 ogres
  A necrophage (D:7)
  A centaur (D:7)
  A scorpion (D:5)
  A water moccasin zombie (D:3)
  A water moccasin skeleton (D:4)
  Dowan (D:6)
  A crimson imp (D:6)
  A howler monkey (D:4)
  3 hounds
  A jelly (D:6)
  2 bullfrog skeletons
  A centaur zombie (D:5)
  A centaur skeleton (D:6)
  5 orc priests
  2 iguanas (D:6)
  4 orc wizards (D:6)
  A hound zombie (D:5)
  10 gnolls
  8 adders
  A shadow imp (D:7)
  A white imp (D:5)
  An adder skeleton (D:4)
  3 worms
  4 dart slugs
  15 orcs
  6 bats
  8 endoplasms
  3 giant cockroaches
  7 goblins
  12 hobgoblins
  3 jackals (D:1)
  A kobold (D:1)
  6 quokkas
  2 ball pythons
  9 frilled lizards
  6 rats
142 creatures vanquished.

Vanquished Creatures (others)
  17 plants
17 creatures vanquished.

Grand Total: 159 creatures vanquished

Notes
Turn   | Place    | Note
-------+----------+-------------------------------------------
     0 | D:1      | gimp the Djinni Wanderer began the quest for the Orb.
     0 | D:1      | Reached XP level 1. HP: 17/17 MP: 0/0
   149 | D:1      | Found a faded altar of an unknown god.
   161 | D:1      | Reached XP level 2. HP: 18/22 MP: 0/0
   472 | D:1      | Reached XP level 3. HP: 28/28 MP: 0/0
   472 | D:1      | Learned a level 1 spell: Beastly Appendage
   995 | D:2      | Noticed Sigmund
  1070 | D:2      | Reached XP level 4. HP: 33/34 MP: 0/0
  1645 | D:3      | Noticed an ogre
  1660 | D:3      | Killed an ogre
  1661 | D:3      | Reached XP level 5. HP: 39/41 MP: 0/0
  1661 | D:3      | Learned a level 2 spell: Corpse Rot
  1702 | D:3      | Reached XP level 6. HP: 30/47 MP: 0/0
  1972 | D:3      | Found a snail-covered altar of Cheibriados.
  2269 | D:3      | Found a basalt altar of Yredelemnul.
  3933 | D:4      | Found an opulent altar of Gozag.
  4015 | D:4      | Reached XP level 7. HP: 53/53 MP: 0/0
  4015 | D:4      | Learned a level 3 spell: Gell's Gravitas
  4033 | D:4      | Reached skill level 5 in Fighting
  4033 | D:4      | Reached skill level 4 in Crossbows
  4050 | D:4      | Found a glowing silver altar of Zin.
  4843 | D:5      | Entered Level 5 of the Dungeon
  4986 | D:5      | Found a sacrificial altar of Ru.
  5030 | D:5      | Reached XP level 8. HP: 51/59 MP: 0/0
  5091 | D:5      | Found Caef's Antique Weapon Emporium.
  5331 | D:5      | Bought a glowing hand crossbow for 182 gold pieces
  5393 | D:5      | Reached skill level 5 in Crossbows
  5469 | D:5      | Identified the +1 leather armour of the Maze {Contam rPois
                  | Will+++ Dex+4}
  6814 | D:6      | Noticed Duvessa
  6818 | D:6      | Noticed Dowan
  6824 | D:6      | Killed Duvessa
  6825 | D:6      | Reached skill level 6 in Crossbows
  6825 | D:6      | Reached skill level 5 in Spellcasting
  6825 | D:6      | Killed Dowan
  6957 | D:6      | Found a burning altar of Makhleb.
  6960 | D:6      | Reached XP level 9. HP: 64/65 MP: 0/0
  6960 | D:6      | Learned a level 4 spell: Airstrike
  7507 | D:7      | Found a broken altar of Ashenzari.
  7538 | D:7      | Reached skill level 7 in Crossbows
  7734 | D:7      | Reached skill level 1 in Shields
  7871 | D:7      | Found Rutuu's Jewellery Shoppe.
  8390 | D:7      | Found a shadowy altar of Dithmenos.
  8426 | D:7      | Found a stormy altar of Qazlal.
  8450 | D:7      | Found a staircase to the Ecumenical Temple.
  8462 | Temple   | Entered the Ecumenical Temple
  8646 | D:3      | Became a worshipper of Cheibriados the Contemplative
  8776 | D:7      | Noticed Joseph
  8790 | D:7      | Shot with a sling bullet by Joseph

Illustrated notes

Levels and vault maps discovered:
D:1:      amcnicky_arrival_wind_blow, layout_rooms,
          hellmonk_ecumenical_altar_lost_god
D:2:      layout_basic, minmay_misc_feat_four_crosses, serial_bayou_lagoon_b,
          uniq_sigmund
D:3:      layout_basic, amcnicky_altar_gilded,
          mainiacjoe_overflow_small_starburst, serial_bayou_crossing
D:4:      layout_layer_cave, pdpol_temple_overflow_zin_treasury_gozag_greed
D:5:      layout_basic, nicolae_ru_sacrificial_ziggurat, serial_shops,
          nicolae_shop_advertising_works [nicolae_subvault_shop_adworks]
D:6:      layout_basic, grunt_temple_overflow_lords_of_destruction,
          minmay_lizard_king, uniq_duvessa
D:7:      layout_loops_cross, grunt_qazlal_clouds, mainiacjoe_overflow_brackets,
          lemuel_round_altar, ashenzari_altar_1, minmay_temple_entry_tees,
          serial_shops, nicolae_stop_n_shop_1, uniq_maggie, uniq_joseph
Temple:   corrupted_temple

Skill      XL: |  1  2  3  4  5  6  7  8  9 |
---------------+----------------------------+-----
Fighting       | 2 3 4 5 |  5.0
Spellcasting   | 2 3 4 5 |  5.0
Crossbows      | 4 6 7 |  7.7
Shields        | 2 |  2.8
Armour         | |  1.0
Dodging        | |  1.1
Evocations     | |  1.0

Action                   |  1- 3 |  4- 6 |  7- 9 || total
-------------------------+-------+-------+-------++-------
Melee: Short sword       |       |       |    56 ||    56
 Fire: Hand crossbow     |    78 |    52 |   121 ||   251
Throw: Dart              |       |       |     2 ||     2
 Cast: Sting             |       |    64 |    14 ||    78
Evoke: Wand              |       |       |    11 ||    11
  Use: Potion            |       |       |     9 ||     9
       Scroll            |       |       |     6 ||     6
Armor: Robe              |     9 |    14 |     4 ||    27
       Leather armour    |       |       |    25 ||    25
Dodge: Dodged            |    12 |    25 |    71 ||   108
Block: Buckler           |       |       |    13 ||    13

Table legend: (Time is in decaauts)
 A = Elapsed time spent in this place.
 B = Non-inter-level travel time spent in this place.
 C = Inter-level travel time spent in this place.
 D = Time resting spent in this place.
 E = Time spent auto-exploring this place.
 F = Levels seen in this place.
 G = Mean time per level.
                   A        B        C        D        E       F      G
               +--------+--------+--------+--------+--------+-----+--------+
         Total |   8921 |   8246 |    675 |   1095 |   5829 |   8 | 1115.1 |
       Dungeon |   8881 |   8218 |    663 |   1095 |   5809 |   7 | 1268.7 |
        Temple |     39 |     27 |     12 |      0 |     20 |   1 |   39.0 |
               +--------+--------+--------+--------+--------+-----+--------+

Top non-repeatable levels by time:
     D:3: 2058 daAuts
     D:6: 2018 daAuts
     D:4: 1459 daAuts
     D:5: 1154 daAuts
     D:1: 815 daAuts
     D:2: 778 daAuts
     D:7: 596 daAuts
  Temple: 39 daAuts
